[Event "CCT Chessable Masters Play-In 2025"]
[Site "Online"]
[Date "2025.02.17"]
[Round "3.47"]
[White "Shimanov, Aleksandr"]
[Black "Guliyev, Namig"]
[Result "1-0"]
[ECO "C41"]
[WhiteElo "2593"]
[BlackElo "2486"]
[PlyCount "89"]
[EventDate "2025.02.13"]
[EventType "swiss"]
[EventCountry "NET"]
[TimeControl "600"]
[WhiteClock "0:01:03"]

1. e4 e5 2. Nf3 Nf6 3. Nc3 d6 4. d4 Nbd7 5. g4 Nxg4 6. Rg1 Ngf6 7. Be3 c6 8. Qd3 b5 9. O-O-O Qc7 10. Nh4 Bb7 11. Bh3 b4 12. Ne2 c5 13. dxc5 Bxe4 14. Qc4 Nxc5 15. Nf5 g6 16. Nxd6+ Bxd6 17. Rxd6 Qxd6 18. Bxc5 Qc6 19. Qxb4 Bf5 20. Bg2 Be4 21. Bh3 Bf5 22. Bxf5 gxf5 23. Ng3 Rc8 24. Nxf5 Qxc5 25. Qd2 Rg8 26. Re1 Rd8 27. Qf4 Rg1 28. Qa4+ Rd7 29. Rxg1 Qxf2 30. Ng7+ Kf8 31. Qb4+ Re7 32. Rd1 Qf4+ 33. Qxf4 exf4 34. Nf5 Re5 35. Rd8+ Ne8 36. Nd4 Kg7 37. c4 Nf6 38. b4 Kg6 39. c5 Nd5 40. Nc6 Re1+ 41. Kd2 Re6 42. Nd4 Re5 43. c6 f3 44. Nxf3 Rh5 45. Rd6+ 1-0

[Event "CCT Chessable Masters Play-In 2025"]
[Site "Online"]
[Date "2025.02.17"]
[Round "3.48"]
[White "Sjugirov, Sanan"]
[Black "Demchenko, Anton"]
[Result "1-0"]
[ECO "C70"]
[WhiteElo "2643"]
[BlackElo "2619"]
[PlyCount "130"]
[EventDate "2025.02.13"]
[EventType "swiss"]
[EventCountry "NET"]
[TimeControl "600"]
[WhiteClock "0:03:12"]
[BlackClock "0:00:11"]

1. e4 e5 2. Nf3 Nc6 3. Bb5 a6 4. Ba4 Nge7 5. Nc3 d6 6. Bb3 Na5 7. d4 exd4 8. Qxd4 Nec6 9. Qd3 Nxb3 10. axb3 Be7 11. O-O O-O 12. Nd5 Re8 13. Bd2 Bf8 14. Bc3 Bg4 15. h3 Bh5 16. Nd2 f6 17. f4 Bf7 18. Nc4 Ne7 19. Nxf6+ gxf6 20. Bxf6 Qd7 21. f5 Bxc4 22. Qxc4+ d5 23. Qd3 Nc6 24. e5 Nxe5 25. Qg3+ Bg7 26. Bxe5 Rxe5 27. f6 Re6 28. fxg7 Qxg7 29. Qf3 c6 30. Rae1 Rae8 31. Rxe6 Rxe6 32. c3 h6 33. Kh1 Re7 34. Rd1 Rf7 35. Qe2 Re7 36. Qf2 Rf7 37. Qd2 Qg5 38. Qd4 Qg3 39. Rg1 Kh7 40. b4 Rg7 41. Qd2 Rf7 42. Qc2+ Kg7 43. Qd1 Rf4 44. Qe2 Rf7 45. c4 d4 46. Rd1 Rf2 47. Qe7+ Kg8 48. Qd8+ Kh7 49. Qd7+ Kg8 50. Qc8+ Rf8 51. Qe6+ Kg7 52. Qd7+ Kg8 53. Qxd4 Rf2 54. Qd8+ Rf8 55. Qe7 Qg7 56. Qxg7+ Kxg7 57. Rd7+ Kg6 58. Rxb7 Rf4 59. b3 Rf6 60. Rb6 Kf5 61. Rxa6 Ke5 62. b5 Rf1+ 63. Kh2 cxb5 64. Ra5 Kd4 65. Rxb5 Rf6 1-0

[Event "CCT Chessable Masters Play-In 2025"]
[Site "Online"]
[Date "2025.02.17"]
[Round "3.49"]
[White "Aryan Chopra"]
[Black "Blohberger, Felix"]
[Result "1/2-1/2"]
[ECO "D30"]
[WhiteElo "2620"]
[BlackElo "2532"]
[PlyCount "90"]
[EventDate "2025.02.13"]
[EventType "swiss"]
[EventCountry "NET"]
[TimeControl "600"]
[WhiteClock "0:00:57"]
[BlackClock "0:00:44"]

1. d4 d5 2. Nf3 Nf6 3. c4 e6 4. e3 a6 5. b3 c5 6. cxd5 exd5 7. Bb2 Nc6 8. Bd3 cxd4 9. Nxd4 Bb4+ 10. Nd2 Ne5 11. Qe2 Ne4 12. Bxe4 dxe4 13. O-O Bg4 14. f3 exf3 15. gxf3 Bh3 16. Rfd1 O-O 17. Kh1 Qe7 18. Ne4 Ba3 19. Bxa3 Qxa3 20. Rg1 Qe7 21. Nc3 Rad8 22. Rad1 Kh8 23. e4 Be6 24. Qe3 Nc6 25. Nxc6 bxc6 26. Na4 Bh3 27. Qc3 f5 28. e5 f4 29. Nc5 a5 30. e6 Rxd1 31. Rxd1 Rd8 32. Rxd8+ Qxd8 33. Nd3 Bxe6 34. Nxf4 Bd5 35. Nxd5 Qxd5 36. Kg2 h6 37. h4 Qb5 38. Kg3 Qd5 39. a4 Kg8 40. Qe3 Kf7 41. Qf4+ Ke7 42. Qe3+ Kf6 43. Qf4+ Ke7 44. Qe3+ Kf6 45. Qf4+ Ke7 1/2-1/2

[Event "CCT Chessable Masters Play-In 2025"]
[Site "Online"]
[Date "2025.02.17"]
[Round "3.50"]
[White "Samadov, Read"]
[Black "Volokitin, Andrei"]
[Result "0-1"]
[ECO "D39"]
[WhiteElo "2501"]
[BlackElo "2643"]
[PlyCount "64"]
[EventDate "2025.02.13"]
[EventType "swiss"]
[EventCountry "NET"]
[TimeControl "600"]
[WhiteClock "0:02:38"]
[BlackClock "0:03:58"]

1. d4 Nf6 2. c4 e6 3. Nf3 d5 4. Nc3 Bb4 5. Bg5 dxc4 6. e4 h6 7. Bxf6 Qxf6 8. Bxc4 c5 9. O-O cxd4 10. e5 Qd8 11. Ne4 O-O 12. Qe2 Be7 13. Rad1 Qa5 14. a3 Rd8 15. b4 Qxa3 16. b5 Qa5 17. g4 Nd7 18. g5 hxg5 19. Nfxg5 Nxe5 20. Qh5 Ng6 21. Nxf7 Kxf7 22. Qf5+ Bf6 23. Bxe6+ Bxe6 24. Ng5+ Ke8 25. Qxe6+ Ne7 26. Qf7+ Kd7 27. Qe6+ Kc7 28. Nf7 Qxb5 29. Rb1 Qd5 30. Rfc1+ Nc6 31. Nxd8 Rxd8 32. Qg4 Qg5 0-1

[Event "CCT Chessable Masters Play-In 2025"]
[Site "Online"]
[Date "2025.02.17"]
[Round "3.51"]
[White "Bharath Subramaniyam H"]
[Black "Nigmatov, Ortik"]
[Result "1-0"]
[ECO "B40"]
[WhiteElo "2567"]
[BlackElo "2505"]
[PlyCount "57"]
[EventDate "2025.02.13"]
[EventType "swiss"]
[EventCountry "NET"]
[TimeControl "600"]
[WhiteClock "0:06:09"]
[BlackClock "0:05:20"]

1. e4 c5 2. Nf3 e6 3. d4 cxd4 4. Qxd4 Nc6 5. Qe3 Nf6 6. Nc3 d5 7. exd5 Nxd5 8. Nxd5 Qxd5 9. Bd3 Bc5 10. Qe2 O-O 11. Be4 Qh5 12. g4 Qxg4 13. Rg1 Qh5 14. Rg5 Qh3 15. Rxc5 h6 16. Be3 Rd8 17. Rd1 Bd7 18. Rc3 Nb4 19. Rd4 Nd5 20. Bxd5 exd5 21. Ne5 Qxh2 22. Bf4 Qh1+ 23. Kd2 Bf5 24. Qf3 Qh4 25. Be3 Be4 26. Qxf7+ Kh7 27. Rc7 Rg8 28. Qg6+ Bxg6 29. Rxh4 1-0

[Event "CCT Chessable Masters Play-In 2025"]
[Site "Online"]
[Date "2025.02.17"]
[Round "3.53"]
[White "Fressinet, Laurent"]
[Black "Kobalia, Mikhail"]
[Result "1-0"]
[ECO "A11"]
[WhiteElo "2588"]
[BlackElo "2538"]
[PlyCount "107"]
[EventDate "2025.02.13"]
[EventType "swiss"]
[EventCountry "NET"]
[TimeControl "600"]
[WhiteClock "0:01:55"]
[BlackClock "0:00:33"]

1. Nf3 d5 2. e3 Nf6 3. c4 c6 4. Nc3 Bg4 5. Qb3 Qb6 6. Ne5 Be6 7. d4 dxc4 8. Bxc4 Bxc4 9. Qxc4 e6 10. O-O Be7 11. e4 O-O 12. Be3 Qa6 13. f3 Rd8 14. Rfd1 Nfd7 15. Qxa6 Nxa6 16. Nc4 b6 17. Rac1 Rac8 18. a3 Nc7 19. Bf4 Ne8 20. Kf1 h6 21. Ke2 Bg5 22. Bxg5 hxg5 23. e5 c5 24. d5 exd5 25. Nxd5 Kf8 26. a4 Nb8 27. Nde3 Nc6 28. Nf5 Nd4+ 29. Nxd4 cxd4 30. Kd3 Rc5 31. b4 Rcd5 32. g3 b5 33. Na5 Rxe5 34. Nc6 Re3+ 35. Kd2 Rd5 36. axb5 Rxf3 37. Rc5 Rf2+ 38. Ke1 Rxc5 39. bxc5 Rc2 40. Nxa7 Rxc5 41. Rxd4 Rc7 42. b6 Rb7 43. Nc8 Rb8 44. Rd8 f5 45. Ke2 g4 46. Kf2 g6 47. Ke2 g5 48. Kf2 f4 49. Ke2 Rb7 50. Rxe8+ Kxe8 51. Nd6+ Kd7 52. Nxb7 Kc6 53. Nd8+ Kxb6 54. Ne6 1-0

[Event "CCT Chessable Masters Play-In 2025"]
[Site "Online"]
[Date "2025.02.17"]
[Round "3.54"]
[White "Mikaelyan, Arman"]
[Black "Madaminov, Mukhiddin"]
[Result "1-0"]
[ECO "B40"]
[WhiteElo "2497"]
[BlackElo "2521"]
[PlyCount "63"]
[EventDate "2025.02.13"]
[EventType "swiss"]
[EventCountry "NET"]
[TimeControl "600"]
[WhiteClock "0:01:46"]
[BlackClock "0:00:38"]

1. e4 c5 2. Nf3 e6 3. c3 d5 4. e5 Nc6 5. g3 d4 6. d3 Nge7 7. Bg2 Qc7 8. Qe2 Ng6 9. O-O Ncxe5 10. Nxe5 Qxe5 11. Be4 f5 12. cxd4 cxd4 13. f4 Qd6 14. Bxf5 Be7 15. Be4 O-O 16. Na3 Bf6 17. Nc4 Qd8 18. b3 Be7 19. Bd2 Rb8 20. Rae1 b6 21. h4 Bd6 22. Qh5 Rf6 23. f5 exf5 24. Bd5+ Kh8 25. Bg5 Bxg3 26. Bxf6 gxf6 27. Bf7 Ne5 28. Re2 Qc7 29. Nxe5 fxe5 30. Rg2 e4 31. Qg5 Qxf7 32. Qxg3 1-0

[Event "CCT Chessable Masters Play-In 2025"]
[Site "Online"]
[Date "2025.02.17"]
[Round "3.55"]
[White "Banusz, Tamas"]
[Black "Sokolovsky, Yahli"]
[Result "1/2-1/2"]
[ECO "D11"]
[WhiteElo "2582"]
[BlackElo "2552"]
[PlyCount "107"]
[EventDate "2025.02.13"]
[EventType "swiss"]
[EventCountry "NET"]
[TimeControl "600"]
[WhiteClock "0:01:42"]
[BlackClock "0:00:51"]

1. d4 d5 2. Nf3 c6 3. g3 Bf5 4. Bg2 e6 5. c4 Nf6 6. Nc3 Bd6 7. Qb3 Qc8 8. O-O Nbd7 9. Nd2 O-O 10. e4 dxe4 11. Ndxe4 Nxe4 12. Nxe4 Bxe4 13. Bxe4 e5 14. dxe5 Nxe5 15. Rd1 Bc5 16. Be3 Bxe3 17. Qxe3 Qe6 18. b3 Ng4 19. Qf4 f5 20. Bf3 Rae8 21. Rd6 Qe5 22. Rad1 Qxf4 23. gxf4 Nf6 24. b4 Re7 25. a4 Rfe8 26. a5 a6 27. b5 axb5 28. cxb5 cxb5 29. Rb6 Ne4 30. Rd5 g6 31. Rdxb5 Ra8 32. Kg2 Ra7 33. Be2 Kg7 34. Bc4 Nf6 35. Kf3 Rc7 36. Be6 Rc3+ 37. Ke2 Rc7 38. Bd5 Nxd5 39. Rxd5 Rc2+ 40. Kf3 Ra2 41. Rbb5 Ra3+ 42. Ke2 Ra4 43. Kf3 Ra3+ 44. Kg2 Ra4 45. Kg3 Ra3+ 46. f3 Ra1 47. h4 Kh6 48. Re5 Kh5 49. Re7 h6 50. Ree5 Rg1+ 51. Kh2 Ra1 52. Kg3 Rg1+ 53. Kf2 Ra1 54. Kg3 1/2-1/2

[Event "CCT Chessable Masters Play-In 2025"]
[Site "Online"]
[Date "2025.02.17"]
[Round "3.56"]
[White "Bilguun, Sumiya"]
[Black "Ponomariov, Ruslan"]
[Result "0-1"]
[ECO "C01"]
[WhiteElo "2460"]
[BlackElo "2628"]
[PlyCount "74"]
[EventDate "2025.02.13"]
[EventType "swiss"]
[EventCountry "NET"]
[TimeControl "600"]
[WhiteClock "0:00:11"]
[BlackClock "0:01:38"]

1. e4 e6 2. d4 d5 3. Bd3 dxe4 4. Bxe4 Nf6 5. Bf3 c5 6. Ne2 Nc6 7. Be3 Nd5 8. Bxd5 Qxd5 9. Nf4 Qf5 10. dxc5 Bxc5 11. Bxc5 Qxc5 12. Nd3 Qf5 13. Nc3 O-O 14. Qe2 Nd4 15. Qd2 b6 16. O-O-O Bb7 17. f3 Rac8 18. Rhe1 Rfd8 19. Kb1 f6 20. Nf2 e5 21. Nfe4 b5 22. Nxb5 Nxb5 23. Qxd8+ Rxd8 24. Rxd8+ Kf7 25. Ng3 Qe6 26. a4 Nc3+ 27. Kc1 Nxa4 28. Red1 Qb6 29. b3 Nc5 30. Nf5 Kg6 31. Ne7+ Kg5 32. R8d6 Qc7 33. h4+ Kxh4 34. Nf5+ Kg5 35. g4 Bxf3 36. Rf1 Bxg4 37. Nh6 Kxh6 0-1

[Event "CCT Chessable Masters Play-In 2025"]
[Site "Online"]
[Date "2025.02.17"]
[Round "3.57"]
[White "Azarov, Sergei"]
[Black "Rozum, Ivan"]
[Result "0-1"]
[ECO "B99"]
[WhiteElo "2596"]
[BlackElo "2443"]
[PlyCount "108"]
[EventDate "2025.02.13"]
[EventType "swiss"]
[EventCountry "NET"]
[TimeControl "600"]
[WhiteClock "0:00:24"]
[BlackClock "0:00:51"]

1. e4 c5 2. Nf3 d6 3. d4 cxd4 4. Nxd4 Nf6 5. Nc3 a6 6. Bg5 e6 7. f4 Be7 8. Qf3 Qc7 9. O-O-O Nbd7 10. Bd3 b5 11. Rhe1 Bb7 12. f5 e5 13. Bxf6 Nxf6 14. Nb3 O-O 15. g4 b4 16. Nd5 Nxd5 17. exd5 Bg5+ 18. Kb1 a5 19. f6 g6 20. h4 Bf4 21. Nc1 a4 22. Ne2 a3 23. b3 Rfc8 24. Bc4 Ba6 25. Nxf4 Bxc4 26. Rd2 exf4 27. Qxf4 Bxb3 28. cxb3 Qc3 29. Rf1 Kh8 30. g5 Ra7 31. Qd4 Rac7 32. Qxc3 Rxc3 33. Re1 h6 34. Rd4 Rc2 35. Re8+ Rxe8 36. Kxc2 Re2+ 37. Kd3 Rxa2 38. Rxb4 Rh2 39. Ra4 a2 40. Ra8+ Kh7 41. Ra7 Rh3+ 42. Kc2 Rxh4 43. Rxf7+ Kg8 44. Rg7+ Kf8 45. Kb2 Rh2+ 46. Ka1 hxg5 47. b4 Rd2 48. b5 Rxd5 49. b6 Rb5 50. b7 g4 51. Rc7 g3 52. Rc8+ Kf7 53. b8=Q Rxb8 54. Rxb8 g2 0-1

[Event "CCT Chessable Masters Play-In 2025"]
[Site "Online"]
[Date "2025.02.17"]
[Round "3.58"]
[White "Kozak, Adam"]
[Black "Bologan, Victor"]
[Result "0-1"]
[ECO "C26"]
[WhiteElo "2601"]
[BlackElo "2603"]
[PlyCount "88"]
[EventDate "2025.02.13"]
[EventType "swiss"]
[EventCountry "NET"]
[TimeControl "600"]
[WhiteClock "0:00:43"]
[BlackClock "0:01:34"]

1. e4 e5 2. a3 Nf6 3. Nc3 c6 4. d4 d6 5. Nf3 Nbd7 6. Rg1 g6 7. g4 Bg7 8. Be3 h5 9. h3 hxg4 10. hxg4 Qe7 11. g5 Nh5 12. Qd2 a6 13. O-O-O b5 14. dxe5 dxe5 15. Kb1 Nf4 16. Nxe5 Nxe5 17. Bc5 Nf3 18. Qxf4 Qxc5 19. Qxf3 Be6 20. e5 Rd8 21. Bd3 Ke7 22. Be4 Bxe5 23. Bxc6 Rh3 24. Rxd8 Kxd8 25. Qd1+ Kc7 26. Bd5 Bf5 27. Ne4 Qd4 28. Qxd4 Bxd4 29. Rd1 Be5 30. Nc5 Kb6 31. Nb3 Rh2 32. Rd2 Bf4 33. Re2 Bxg5 34. Ka2 Bh4 35. Bxf7 Rxf2 36. Rxf2 Bxf2 37. c3 g5 38. Bd5 g4 39. Nd2 g3 40. b4 Bh3 41. c4 g2 42. Nf3 bxc4 43. Kb2 Bg4 44. Ng1 Bxg1 0-1

[Event "CCT Chessable Masters Play-In 2025"]
[Site "Online"]
[Date "2025.02.17"]
[Round "3.59"]
[White "Munkhgal, Gombosuren"]
[Black "Kravtsiv, Martyn"]
[Result "0-1"]
[ECO "D02"]
[WhiteElo "2406"]
[BlackElo "2598"]
[PlyCount "62"]
[EventDate "2025.02.13"]
[EventType "swiss"]
[EventCountry "NET"]
[TimeControl "600"]
[WhiteClock "0:06:55"]
[BlackClock "0:04:52"]

1. d4 d5 2. Bf4 Nf6 3. e3 e6 4. Nf3 Bd6 5. Bg3 O-O 6. Nbd2 c5 7. Bd3 c4 8. Be2 b5 9. c3 Bb7 10. b3 a6 11. bxc4 dxc4 12. Rb1 Ne4 13. Qc2 Nxd2 14. Nxd2 Bxg2 15. Rg1 Bc6 16. e4 Bxg3 17. Rxg3 Qh4 18. Bf3 Nd7 19. Ke2 e5 20. Rbg1 g6 21. d5 Bb7 22. Nf1 Nc5 23. Rg4 Qh6 24. Ng3 Kh8 25. h4 Bc8 26. Nf1 Bxg4 27. Rxg4 Nd3 28. Ne3 f5 29. exf5 gxf5 30. Rg5 Qxh4 31. Rg2 e4 0-1

[Event "CCT Chessable Masters Play-In 2025"]
[Site "Online"]
[Date "2025.02.17"]
[Round "3.60"]
[White "Ma, Qun"]
[Black "Mikhalevski, Victor"]
[Result "1-0"]
[ECO "D85"]
[WhiteElo "2645"]
[BlackElo "2506"]
[PlyCount "93"]
[EventDate "2025.02.13"]
[EventType "swiss"]
[EventCountry "NET"]
[TimeControl "600"]
[WhiteClock "0:02:29"]

1. d4 Nf6 2. c4 g6 3. Nc3 d5 4. cxd5 Nxd5 5. e4 Nxc3 6. bxc3 Bg7 7. Bb5+ c6 8. Ba4 O-O 9. Ne2 c5 10. O-O Nc6 11. Be3 Bg4 12. d5 Ne5 13. f3 Bd7 14. Bxd7 Nxd7 15. Rb1 Qc7 16. c4 e6 17. Qd2 Rad8 18. Rfc1 Ne5 19. h3 b6 20. Rb3 Qd7 21. Bg5 f6 22. Bh4 Rde8 23. Rc2 Qa4 24. Qc1 f5 25. f4 Nf7 26. dxe6 Rxe6 27. e5 g5 28. Bg3 gxf4 29. Nxf4 Rxe5 30. Nh5 Re6 31. Nxg7 Kxg7 32. Rf2 Nh8 33. Bf4 Qe8 34. Kh2 Rf7 35. Rg3+ Ng6 36. h4 h5 37. Rg5 Re4 38. Qc3+ Rf6 39. Rxf5 Rd4 40. Rxf6 Kxf6 41. Be5+ Ke6 42. Bxd4 Qb8+ 43. g3 cxd4 44. Qxd4 Ne5 45. Re2 Kf5 46. Qf4+ Ke6 47. Qe4 1-0

[Event "CCT Chessable Masters Play-In 2025"]
[Site "Online"]
[Date "2025.02.17"]
[Round "3.61"]
[White "Cuenca Jimenez, Jose Fernando"]
[Black "Gholami Orimi, Mahdi"]
[Result "0-1"]
[ECO "D00"]
[WhiteElo "2479"]
[BlackElo "2509"]
[PlyCount "100"]
[EventDate "2025.02.13"]
[EventType "swiss"]
[EventCountry "NET"]
[TimeControl "600"]
[WhiteClock "0:00:09"]
[BlackClock "0:01:20"]

1. d4 Nf6 2. Bf4 d5 3. e3 c5 4. dxc5 Nc6 5. Bb5 Qa5+ 6. Nc3 a6 7. Bxc6+ bxc6 8. Nf3 Ne4 9. Qd4 Nxc3 10. Qxc3 Qxc3+ 11. bxc3 f6 12. Bc7 e5 13. Bb6 g5 14. Nd2 Bf5 15. O-O-O h5 16. c4 Be6 17. Rhe1 Rh7 18. Nb3 g4 19. Na5 Rc8 20. Kb2 h4 21. Kc3 h3 22. g3 f5 23. Kb4 Rd7 24. cxd5 Bxd5 25. Nc4 Rb8 26. Kc3 Ke7 27. a4 Ke6 28. e4 fxe4 29. Ne3 Rf7 30. Nxg4 Be7 31. Re2 Rf3+ 32. Re3 Rf5 33. Re2 Bg5 34. Kb4 e3 35. Nxe3 Bxe3 36. fxe3 Rf3 37. e4 a5+ 38. Kxa5 Bc4 39. Rd6+ Ke7 40. Red2 Re3 41. Rd7+ Ke8 42. Rh7 Ra8+ 43. Kb4 Rxe4 44. Rh8+ Bg8+ 45. Kc3 Ke7 46. a5 Rc4+ 47. Kd3 Ra4 48. Ke3 Ra3+ 49. Ke4 Bd5+ 50. Kxe5 Rxh8 0-1

[Event "CCT Chessable Masters Play-In 2025"]
[Site "Online"]
[Date "2025.02.17"]
[Round "3.62"]
[White "Pultinevicius, Paulius"]
[Black "Keymer, Vincent"]
[Result "1-0"]
[ECO "E10"]
[WhiteElo "2566"]
[BlackElo "2731"]
[PlyCount "173"]
[EventDate "2025.02.13"]
[EventType "swiss"]
[EventCountry "NET"]
[TimeControl "600"]
[WhiteClock "0:00:02"]
[BlackClock "0:00:02"]

1. d4 Nf6 2. c4 e6 3. Nf3 h6 4. g3 Bb4+ 5. Nbd2 d6 6. Bg2 Nbd7 7. O-O O-O 8. Nb3 c6 9. a3 Ba5 10. Nxa5 Qxa5 11. Bf4 e5 12. Bd2 Qc7 13. Qc2 Re8 14. e4 a5 15. b3 b6 16. Rfe1 Nf8 17. c5 dxc5 18. dxc5 b5 19. Bc3 Ng6 20. h3 Be6 21. Qb2 Nd7 22. b4 f6 23. h4 Nh8 24. Rad1 Nf7 25. Nh2 axb4 26. Bxb4 Nf8 27. Nf1 Red8 28. Ne3 Rxd1 29. Rxd1 Rd8 30. Ra1 Qa7 31. Nf5 g6 32. Nd6 Nxd6 33. cxd6 c5 34. Bd2 Bc4 35. Bxh6 Ne6 36. a4 b4 37. Rc1 Qa6 38. Qc2 b3 39. Qb2 Nd4 40. Kh2 Rxd6 41. f4 Kh7 42. Bf8 Rc6 43. Qd2 exf4 44. Qxf4 Kg8 45. Qh6 Rc7 46. e5 fxe5 47. Be4 b2 48. Rb1 Qf6 49. Rxb2 Qxf8 50. Qxg6+ Rg7 51. Qh5 Nb3 52. Rc2 Bf7 53. Qxe5 Qe8 54. Qxe8+ Bxe8 55. a5 Ra7 56. Bd5+ Bf7 57. Bxb3 Bxb3 58. Rxc5 Rf7 59. Rg5+ Kh7 60. Rb5 Bc4 61. Rc5 Ba6 62. g4 Rf2+ 63. Kg3 Rf7 64. h5 Rb7 65. Rc6 Bb5 66. Rb6 Rxb6 67. axb6 Bc6 68. g5 Kg7 69. Kf4 Kh7 70. Ke5 Bb7 71. Kd6 Kg7 72. Kc7 Bf3 73. h6+ Kg6 74. b7 Bxb7 75. Kxb7 Kh7 76. Kc6 Kg6 77. Kd5 Kh7 78. Ke5 Kg6 79. Kf4 Kh7 80. Kf5 Kh8 81. g6 Kg8 82. Kf6 Kh8 83. g7+ Kh7 84. Kf7 Kxh6 85. g8=Q Kh5 86. Qg3 Kh6 87. Qg6# 1-0

[Event "CCT Chessable Masters Play-In 2025"]
[Site "Online"]
[Date "2025.02.17"]
[Round "3.63"]
[White "Pranav, V."]
[Black "Nasuta, Grzegorz"]
[Result "1-0"]
[ECO "C78"]
[WhiteElo "2615"]
[BlackElo "2506"]
[PlyCount "89"]
[EventDate "2025.02.13"]
[EventType "swiss"]
[EventCountry "NET"]
[TimeControl "600"]
[WhiteClock "0:00:19"]

1. e4 e5 2. Nf3 Nc6 3. Bb5 a6 4. Ba4 Nf6 5. O-O b5 6. Bb3 Bc5 7. a4 Rb8 8. c3 d6 9. d4 Bb6 10. a5 Ba7 11. h3 Bb7 12. Be3 Nxe4 13. Re1 exd4 14. cxd4 d5 15. Nbd2 O-O 16. Nxe4 dxe4 17. Ng5 Qe7 18. Qh5 h6 19. Nxf7 Rxf7 20. Bxf7+ Qxf7 21. Qxf7+ Kxf7 22. d5 Bxe3 23. dxc6 Bd4 24. cxb7 Bxb2 25. Rad1 Rxb7 26. Rxe4 Bc3 27. Rd7+ Kf6 28. Rde7 b4 29. R4e6+ Kf5 30. Rc6 b3 31. Rc5+ Kf6 32. Rexc7 Rb4 33. R5c6+ Kf5 34. Rc5+ Be5 35. Re7 Re4 36. g4+ Kf6 37. Rb7 b2 38. Kg2 Bd4 39. Rc6+ Ke5 40. Rxa6 Rf4 41. f3 Kd5 42. Rab6 Bxb6 43. Rxb6 Ra4 44. Rb5+ Ke6 45. Rxb2 1-0

[Event "CCT Chessable Masters Play-In 2025"]
[Site "Online"]
[Date "2025.02.17"]
[Round "3.64"]
[White "Bachmann, Axel"]
[Black "Suleymanli, Aydin"]
[Result "0-1"]
[ECO "E10"]
[WhiteElo "2570"]
[BlackElo "2623"]
[PlyCount "54"]
[EventDate "2025.02.13"]
[EventType "swiss"]
[EventCountry "NET"]
[TimeControl "600"]
[WhiteClock "0:04:16"]
[BlackClock "0:04:20"]

1. Nf3 c5 2. c4 Nf6 3. Nc3 a6 4. d4 e6 5. d5 exd5 6. cxd5 b5 7. e4 b4 8. Na4 d6 9. Bc4 Nxe4 10. O-O Be7 11. Re1 f5 12. Ng5 Bxg5 13. Bxg5 Qxg5 14. Nb6 O-O 15. Nxa8 Qd8 16. a3 bxa3 17. Rxa3 Bb7 18. Rh3 Bxa8 19. Qh5 h6 20. f3 Ng5 21. Rg3 f4 22. Rg4 Nd7 23. Qg6 Ne5 24. Rxe5 dxe5 25. d6+ Kh8 26. h4 Rf6 27. Qh5 Nxf3+ 0-1

[Event "CCT Chessable Masters Play-In 2025"]
[Site "Online"]
[Date "2025.02.17"]
[Round "3.65"]
[White "Donchenko, Alexander"]
[Black "Perez Ponsa, Federico"]
[Result "1-0"]
[ECO "B92"]
[WhiteElo "2632"]
[BlackElo "2528"]
[PlyCount "63"]
[EventDate "2025.02.13"]
[EventType "swiss"]
[EventCountry "NET"]
[TimeControl "600"]
[WhiteClock "0:05:42"]
[BlackClock "0:03:55"]

1. e4 c5 2. Nf3 d6 3. d4 cxd4 4. Nxd4 Nf6 5. Nc3 a6 6. Be2 e5 7. Nf3 Be7 8. Bg5 Be6 9. Bxf6 Bxf6 10. Qd3 Be7 11. O-O Nd7 12. Rfd1 Qc7 13. Nd5 Bxd5 14. Qxd5 Nf6 15. Qd3 d5 16. exd5 e4 17. Qe3 O-O-O 18. Ng5 Bc5 19. Qc3 h6 20. Nxf7 e3 21. Nxd8 exf2+ 22. Kf1 Rxd8 23. d6 Rxd6 24. Rxd6 Qxd6 25. Rd1 Qc7 26. b4 Bb6 27. Qxc7+ Kxc7 28. Bf3 g5 29. c4 g4 30. c5 Ba7 31. Rd6 Ne8 32. Re6 1-0

[Event "CCT Chessable Masters Play-In 2025"]
[Site "Online"]
[Date "2025.02.17"]
[Round "3.66"]
[White "Lagarde, Maxime"]
[Black "Pranav Anand"]
[Result "1/2-1/2"]
[ECO "A28"]
[WhiteElo "2604"]
[BlackElo "2538"]
[PlyCount "86"]
[EventDate "2025.02.13"]
[EventType "swiss"]
[EventCountry "NET"]
[TimeControl "600"]
[WhiteClock "0:03:51"]
[BlackClock "0:03:33"]

1. c4 e5 2. Nc3 Nf6 3. Nf3 Nc6 4. d3 d5 5. cxd5 Nxd5 6. e4 Nf6 7. Be2 Bc5 8. O-O O-O 9. Be3 Bb6 10. Rc1 Bg4 11. Na4 Bxf3 12. Bxf3 Qe7 13. Nc5 Rab8 14. Nxb7 Nd4 15. Bxd4 Bxd4 16. Na5 Rxb2 17. Nc6 Qd6 18. Qa4 Bb6 19. d4 Bxd4 20. Nxd4 exd4 21. Qxa7 Nd7 22. Qxc7 Qxc7 23. Rxc7 Ne5 24. Rd1 Rd8 25. h4 d3 26. a4 Ra2 27. Rc5 f6 28. a5 Ra8 29. Rxe5 fxe5 30. Rxd3 R8xa5 31. Bg4 Rb2 32. Be6+ Kf8 33. Rf3+ Ke7 34. Bd5 Rxd5 35. exd5 Rd2 36. Ra3 Rxd5 37. Ra7+ Kf6 38. g3 Rd4 39. Kg2 h5 40. Ra6+ Kf5 41. Ra7 Kf6 42. Ra6+ Kf5 43. Ra7 Kf6 1/2-1/2

[Event "CCT Chessable Masters Play-In 2025"]
[Site "Online"]
[Date "2025.02.17"]
[Round "3.67"]
[White "Atabayev, Saparmyrat"]
[Black "Abdusattorov, Nodirbek"]
[Result "1-0"]
[ECO "C41"]
[WhiteElo "2516"]
[BlackElo "2766"]
[PlyCount "101"]
[EventDate "2025.02.13"]
[EventType "swiss"]
[EventCountry "NET"]
[TimeControl "600"]
[WhiteClock "0:04:15"]
[BlackClock "0:01:32"]

1. e4 e5 2. Nf3 d6 3. d4 exd4 4. Nxd4 Nf6 5. Nc3 Be7 6. Bc4 O-O 7. O-O c6 8. a4 Re8 9. Qf3 Bf8 10. Bg5 Nbd7 11. Bb3 h6 12. Bxh6 gxh6 13. Qg3+ Bg7 14. Nf5 Nh5 15. Qg6 Ne5 16. Nxh6+ Kf8 17. Qxh5 Qf6 18. f4 Nc4 19. Nxf7 Qxf7 20. Qxf7+ Kxf7 21. Bxc4+ Kf8 22. e5 Bf5 23. Bd3 Bxd3 24. cxd3 dxe5 25. fxe5+ Kg8 26. d4 Rad8 27. Rad1 c5 28. Ne4 cxd4 29. Nf6+ Bxf6 30. exf6 Kf7 31. Rd3 Re2 32. b3 Rg8 33. g3 Rh8 34. h4 Rg8 35. Rf2 Re4 36. Kh2 Rge8 37. Kh3 R8e6 38. Rdf3 Rd6 39. g4 d3 40. Rd2 Rdd4 41. Rfxd3 Rb4 42. Rg3 Kxf6 43. h5 Re1 44. Rf2+ Kg7 45. Kh4 Rd4 46. Kg5 Re7 47. Rf5 Kh7 48. Kh4 Rb4 49. Rgf3 Rg7 50. R5f4 Rb6 51. Rf7 1-0

[Event "CCT Chessable Masters Play-In 2025"]
[Site "Online"]
[Date "2025.02.17"]
[Round "3.68"]
[White "Yoo, Christopher Woojin"]
[Black "Vetokhin, Savva"]
[Result "1-0"]
[ECO "D36"]
[WhiteElo "2588"]
[BlackElo "2533"]
[PlyCount "91"]
[EventDate "2025.02.13"]
[EventType "swiss"]
[EventCountry "NET"]
[TimeControl "600"]
[WhiteClock "0:04:51"]
[BlackClock "0:03:10"]

1. d4 Nf6 2. c4 e6 3. Nc3 d5 4. cxd5 exd5 5. Bg5 Be7 6. e3 h6 7. Bh4 O-O 8. Bd3 c6 9. Nge2 Re8 10. Qc2 Nbd7 11. h3 Ne4 12. Bxe7 Qxe7 13. O-O Ndf6 14. Rae1 Bf5 15. f3 Nxc3 16. Nxc3 Bxd3 17. Qxd3 Rad8 18. g4 Qd6 19. Kg2 c5 20. dxc5 Qxc5 21. Qd4 Qxd4 22. exd4 g5 23. f4 Ne4 24. fxg5 Nxc3 25. Rxe8+ Rxe8 26. bxc3 hxg5 27. Rf5 Re2+ 28. Kf3 Rc2 29. Rxg5+ Kf8 30. h4 Rxc3+ 31. Kf4 Ra3 32. Rxd5 Rxa2 33. Rd8+ Kg7 34. d5 a5 35. Ra8 b5 36. d6 Rd2 37. Ke5 a4 38. h5 Rd3 39. Ra5 Rb3 40. g5 a3 41. Ra7 b4 42. g6 Re3+ 43. Kf4 Rd3 44. Rxf7+ Kg8 45. h6 Rh3 46. d7 1-0

[Event "CCT Chessable Masters Play-In 2025"]
[Site "Online"]
[Date "2025.02.17"]
[Round "3.69"]
[White "Van Foreest, Jorden"]
[Black "Mekhitarian, Krikor Sevag"]
[Result "1-0"]
[ECO "B30"]
[WhiteElo "2649"]
[BlackElo "2510"]
[PlyCount "69"]
[EventDate "2025.02.13"]
[EventType "swiss"]
[EventCountry "NET"]
[TimeControl "600"]
[WhiteClock "0:07:09"]
[BlackClock "0:00:04"]

1. e4 c5 2. Nf3 Nc6 3. Nc3 Nf6 4. Bb5 Qc7 5. O-O Nd4 6. Re1 a6 7. Bc4 d6 8. h3 e6 9. d3 b5 10. Bb3 Nxb3 11. axb3 Bb7 12. Ne2 Be7 13. Ng3 O-O 14. Bf4 e5 15. Bd2 g6 16. Nh2 d5 17. Ng4 dxe4 18. dxe4 Nxg4 19. Qxg4 Bc8 20. Qf3 f6 21. Nf1 Be6 22. Ne3 c4 23. bxc4 Bxc4 24. b3 Be6 25. c4 bxc4 26. bxc4 Bc5 27. Nd5 Bxd5 28. cxd5 a5 29. Rec1 Qb6 30. Rab1 Qa7 31. Bh6 Rf7 32. Rb5 Bd4 33. Rc6 a4 34. Rxf6 a3 35. Ra5 1-0